 Dungeon Crawl Stone Soup version 0.31-a0-344-gd109795599 (webtiles) character file.

Game seed: 6630339734076282304

195 Newt the Cutter (level 5, 0/42 HPs)
             Began as a Merfolk Fighter on July 21, 2023.
             Was a Follower of Zin.
             Slain by a killer bee (4 damage)
             ... on level 5 of the Dungeon.
             The game lasted 00:03:20 (3417 turns).

Newt the Cutter (Merfolk Fighter)                   Turns: 3417, Time: 00:03:20

Health: 0/42       AC:  6    Str: 16    XL:     5   Next: 74%
Magic:  0/5        EV: 12    Int:  8    God:    Zin [*.....]
Gold:   176        SH:  6    Dex: 27    Spells: 4/4 levels left

rFire   . . .        h - +4 short sword
rCold   . . .        c - +0 buckler
rNeg    . . .        b - +0 scale mail
rPois   .            (no helmet)
rElec   .            (no cloak)
rCorr   .            (no gloves)
SInv    .            (no boots)
Will    .....        j - amulet of guardian spirit
Stlth   +            i - +6 ring of dexterity
HPRegen 0.27/turn    q - +6 ring of dexterity
MPRegen 0.09/turn

%: guardian spirit
@: lethally poisoned (0 -> -8)
A: (nimble swimmer 2), mertail
a: Renounce Religion, Recite, Donate Gold


You were on level 5 of the Dungeon.
You worshipped Zin.
Zin was aware of your devotion.
You visited 1 branch of the dungeon, and saw 5 of its levels.

You collected 195 gold pieces.
You donated 19 gold pieces to Zin.

Inventory:

Hand Weapons
 a - a +0 long sword
 h - a +4 short sword (weapon)
Missiles
 f - 13 poisoned darts
 o - 3 javelins
Armour
 b - a +0 scale mail (worn)
 c - a +0 buckler (worn)
Jewellery
 i - a +6 ring of dexterity (left hand)
 j - an amulet of guardian spirit (around neck)
 q - a +6 ring of dexterity (right hand)
Wands
 r - a wand of flame (10)
 s - a wand of mindburst (17)
 u - a wand of light (7)
Scrolls
 e - a scroll of amnesia
 m - a scroll of teleportation
Potions
 d - a potion of might
 g - a potion of degeneration {unknown}
 k - 2 potions of curing
 l - 3 potions of lignification {unknown}
 n - a potion of haste {unknown}
 p - 2 potions of cancellation {unknown}
 t - a potion of mutation {unknown}


   Skills:
 - Level 4.0 Fighting
 + Level 4.4(4.7) Short Blades
 - Level 2.4(3.7) Long Blades
 - Level 2.1 Armour
 - Level 4.0 Dodging
 - Level 3.0 Shields


You had 4 spell levels left.
You didn't know any spells.
Your spell library contained the following spells:

 Spells                   Type           Power      Damage    Failure   Level
 Foxfire                  Conj/Fire      0%         2x1d4     90%         1
 Hailstorm                Conj/Ice       0%         3d3       99%         3
 Summon Ice Beast         Ice/Summ       0%         N/A       100%        4
 Plasma Beam              Fire/Air       0%         2x1d10    100%        6
 Simulacrum               Ice/Necr       0%         N/A       100%        6
 Starburst                Conj/Fire      0%         6d3       100%        6


Dungeon Overview and Level Annotations

Branches:
Dungeon (5/15)
 Temple: D:4-7

Altars:
Ashenzari
Elyvilon
Fedhas
Gozag
Hepliaklqana
Uskayaw
Zin

Shops:
D:1 =


Innate Abilities, Weirdness & Mutations

((You are very nimble when in or above water. (Stealth+, EV+, Speed+++)))
Your lower body shifts to a powerful aquatic tail in water.


Message History

The killer bee attacks as you move away!
You block the killer bee's attack.
The killer bee attacks as you move away!
The killer bee stings you.
You feel sick. The killer bee misses you. The killer bee completely misses you.
The killer bee attacks as you move away!
The killer bee barely misses you.
You feel sick. The killer bee barely misses you. The killer bee stings you.
* * * LOW HITPOINT WARNING * * *
You feel sick. The killer bee barely misses you.
It was a potion of curing.
You feel better. The killer bee stings you. The killer bee misses you.
The killer bee closely misses you. The killer bee stings you.
* * * LOW HITPOINT WARNING * * *
The killer bee closely misses you.
Okay, then.
You hit the killer bee.
The killer bee is lightly wounded.
The killer bee stings you but does no damage.
You block the killer bee's attack. The killer bee misses you.
The killer bee stings you but does no damage.
The killer bee stings you.
* * * LOW HITPOINT WARNING * * *
The killer bee closely misses you.
You puncture the killer bee!
The killer bee is severely wounded.
You block the killer bee's attack. The killer bee closely misses you.
The killer bee stings you.
* * * LOW HITPOINT WARNING * * *
Unknown command.
You hit the killer bee.
The killer bee is almost dead.
The killer bee stings you.
* * * LOW HITPOINT WARNING * * *
You are lethally poisoned!
The killer bee poisons you! The killer bee barely misses you.
The killer bee stings you but does no damage.
You block the killer bee's attack. The killer bee closely misses you.
The killer bee stings you.
You die...

#.......#########
#######.........#.
#...............
#..............#
#....).........#
######...#####.
###.# #.####
#..y@## ####yy## #
##..##.#####
#.........#
#..!......#
#.......!.#
#......)...#
#...........#
#.#.........#


You could see 3 killer bees.

Vanquished Creatures
  2 iguanas (D:4)
  5 adders
  5 dart slugs
  2 orcs
  9 bats
  7 endoplasms
  4 giant cockroaches
  10 goblins
  2 hobgoblins
  3 jackals (D:4)
  9 kobolds
  7 quokkas
  9 ball pythons
  2 frilled lizards
  8 rats
84 creatures vanquished.

Notes
Turn   | Place    | Note
-------+----------+-------------------------------------------
     0 | D:1      | Newt the Merfolk Fighter began the quest for the Orb.
     0 | D:1      | Reached XP level 1. HP: 18/18 MP: 1/1
   121 | D:1      | Reached XP level 2. HP: 23/25 MP: 2/2
   265 | D:1      | Reached skill level 1 in Dodging
   272 | D:1      | Found Dukid's Jewellery Shoppe.
   433 | D:1      | Reached XP level 3. HP: 30/30 MP: 3/3
   889 | D:2      | Found a faded altar of an unknown god.
  1077 | D:2      | Reached XP level 4. HP: 33/37 MP: 4/4
  1158 | D:2      | Reached skill level 1 in Short Blades
  1995 | D:3      | Found a glowing silver altar of Zin.
  2120 | D:3      | Found a white marble altar of Elyvilon.
  2175 | D:3      | Reached XP level 5. HP: 39/42 MP: 5/5
  2275 | D:3      | Found a hide-covered altar of Uskayaw.
  2275 | D:3      | Found a broken altar of Ashenzari.
  2527 | D:3      | Became a worshipper of Zin the Law-Giver
  2527 | D:3      | Reached * piety under Zin
  2720 | D:4      | Found a blossoming altar of Fedhas.
  2869 | D:4      | Found a hazy altar of Hepliaklqana.
  2892 | D:4      | Found an opulent altar of Gozag.
  3387 | D:5      | Entered Level 5 of the Dungeon
  3417 | D:5      | Slain by a killer bee

Illustrated notes

Levels and vault maps discovered:
D:1:      dpeg_arrival_rooms_c, layout_loops_ring, serial_shops, shop
D:2:      layout_loops_cross, dreamdust_ecumenical_altar_hidden_monk_grotto
D:3:      layout_basic, mainiacjoe_overflow_24_doors,
          mainiacjoe_overflow_divided_tiny, old_standard_altar,
          grunt_decor_mini_mirrors, wad_floor_pattern_1
D:4:      layout_gridville, mainiacjoe_overflow_boulevard, fedhas_altar_3,
          mainiacjoe_overflow_alcove_2
D:5:      layout_rooms, nicolae_ru_great_annihilating_truth,
          nicolae_overflow_hidden_temple, uniq_pikel

Skill      XL: |  1  2  3  4  5 |
---------------+----------------+-----
Fighting       | 4 |  4.0
Dodging        | 2 3 4 |  4.0
Short Blades   | 2 4 |  4.4
Long Blades    | |  2.4
Armour         | |  2.1
Shields        | |  3.0

Action                     |  1- 3 |  4- 6 || total
---------------------------+-------+-------++-------
  Melee: Long sword        |    68 |       ||    68
         Short sword       |    38 |   139 ||   177
    Use: Scroll            |     2 |     6 ||     8
         Potion            |       |     1 ||     1
 Armour: Scale mail        |    33 |    36 ||    69
  Dodge: Dodged            |    45 |    75 ||   120
  Block: Buckler           |    31 |    46 ||    77

Table legend: (Time is in decaauts)
 A = Elapsed time spent in this place.
 B = Non-inter-level travel time spent in this place.
 C = Inter-level travel time spent in this place.
 D = Time resting spent in this place.
 E = Time spent auto-exploring this place.
 F = Levels seen in this place.
 G = Mean time per level.
                   A        B        C        D        E       F      G
               +--------+--------+--------+--------+--------+-----+--------+
         Total |   3420 |   3290 |    130 |    100 |   2639 |   5 |  684.0 |
       Dungeon |   3420 |   3290 |    130 |    100 |   2639 |   5 |  684.0 |
               +--------+--------+--------+--------+--------+-----+--------+

Top non-repeatable levels by time:
     D:3: 1050 daAuts
     D:1: 839 daAuts
     D:4: 820 daAuts
     D:2: 681 daAuts
     D:5: 27 daAuts
